 Dungeon Crawl Stone Soup version 0.25.1-2-g60ff931df9 (webtiles) character file.

Game seed: 11953966071638870518

78037 nikku the Fighter (level 15, 0/127 HPs)
             Began as a Demonspawn Berserker on Nov 18, 2020.
             Was a High Priest of Trog.
             Killed from afar by a shock serpent (13 damage)
             ... with a bolt of electricity
             ... on level 2 of the Snake Pit.
             The game lasted 00:59:53 (28318 turns).

nikku the Fighter (Demonspawn Berserker)           Turns: 28318, Time: 00:59:54

Health: 0/127      AC: 21    Str: 26    XL:     15   Next: 17%
Magic:  15/15      EV: 14    Int:  8    God:    Trog [*****.]
Gold:   914        SH: 16    Dex: 13    Spells: 14/14 levels left

rFire    . . .     SeeInvis +   R - +14 obsidian axe {vorpal, +Fly SInv *Curse}
rCold    . . .     Gourm    .   a - +3 kite shield
rNeg     . . .     Faith    +   J - +1 scale mail "Adipp" {+Blink Str+2 SInv Stlth+}
rPois    .         Spirit   .   P - +2 hat
rElec    .         Reflect  .   v - +2 cloak
rCorr    .         Harm     .   K - +2 pair of gloves {archery}
MR       +++..                  (no boots)
Stlth    +++.......             L - amulet of faith
HPRegen  1.31/turn              C - +4 ring of evasion
MPRegen  0.14/turn              d - +4 ring of slaying

@: lethally poisoned (0 -> -1), mesmerised, regenerating
A: hooves 2, molten scales 1, demonic guardian 3, nightstalker 2
a: Berserk, Trog's Hand, Brothers in Arms, Renounce Religion, Evoke Blink, Evoke
Flight


You were on level 2 of the Snake Pit.
You worshipped Trog.
Trog was extremely pleased with you.
You were not hungry.

You visited 4 branches of the dungeon, and saw 24 of its levels.

You collected 2306 gold pieces.
You spent 1392 gold pieces at shops.

Inventory:

Hand Weapons
 R - the +14 obsidian axe (weapon) {vorpal, +Fly SInv *Curse}
   (You bought it in a shop on level 2 of the Orcish Mines)

   It inflicts extra damage upon your enemies.
   It lets you see invisible.
   It lets you fly.
   It curses itself when equipped.
Missiles
 p - 63 poisoned darts (quivered)
 I - 7 javelins
 O - 8 curare-tipped darts
 Q - 2 atropa-tipped darts
Armour
 a - a +3 kite shield (worn)
 m - the +3 ring mail of Ekkar {rElec Str+3 Int+5}
   (You found it on level 6 of the Dungeon)

   It affects your strength (+3).
   It affects your intelligence (+5).
   It insulates you from electricity.
 v - a +2 cloak (worn)
 w - a +0 tower shield
 J - the +1 scale mail "Adipp" (worn) {+Blink Str+2 SInv Stlth+}
   (You found it on level 6 of the Lair of Beasts)

   It affects your strength (+2).
   It lets you see invisible.
   It lets you blink.
   It makes you more stealthy.
 K - a +2 pair of gloves of archery (worn)
 P - a +2 hat (worn)
Jewellery
 d - a +4 ring of slaying (right hand)
 l - an uncursed ring of resist corrosion
 C - a +4 ring of evasion (left hand)
 L - an amulet of faith (around neck)
 N - a +4 ring of evasion
Wands
 b - a wand of enslavement (30)
 g - a wand of random effects (26)
 t - a wand of acid (7)
 x - a wand of polymorph (7)
 B - a wand of flame (42)
 E - a wand of iceblast (15)
 M - a wand of paralysis (16)
Scrolls
 n - 14 scrolls of teleportation
 u - 11 scrolls of remove curse
 y - 7 scrolls of magic mapping
 D - 2 scrolls of immolation
 G - 2 scrolls of silence
 T - 2 scrolls of enchant weapon
Potions
 e - 10 potions of curing
 f - 3 potions of mutation
 h - 5 potions of might
 i - 2 potions of heal wounds
 j - 7 potions of haste
 k - 5 potions of lignification
 r - 4 potions of invisibility
 s - 5 potions of resistance
 z - a potion of experience {unknown}
 S - a potion of cancellation {unknown}
 V - 2 potions of ambrosia
Miscellaneous
 q - a phial of floods
 F - a box of beasts
 X - a phial of floods
Comestibles
 c - 46 rations


   Skills:
 + Level 14.9 Fighting
 + Level 13.8 Axes
 - Level 11.0 Armour
 - Level 1.7 Dodging
 + Level 11.5 Shields


You had 14 spell levels left.
You didn't know any spells.
Your spell library was empty.

Dungeon Overview and Level Annotations

Branches:
Dungeon (14/15)            Temple (0/1) D:4            Lair (6/6) D:9
  Swamp (0/4) Lair:3        Snake (2/4) Lair:2        Slime (0/5) Lair:6
    Orc (2/2) D:9             Elf (0/3) Orc:2        Vaults (0/5) D:14

Altars:
Elyvilon
Fedhas
Gozag
Kikubaaqudgha
Makhleb
Qazlal
Ru
Sif Muna
Trog
Xom
Yredelemnul
Beogh
Jiyva

Shops:
D:7 *   D:12 (*   Orc:1 (   Orc:2 ([(?   Snake:2 }


Innate Abilities, Weirdness & Mutations

You have hoof-like feet.
You are partially covered in molten scales. (AC +2)
A powerful demonic guardian rushes to your aid.
You are significantly more attuned to the shadows.


Message History

Visions of slaying the naga flood into your mind.
Your neqoxec hits the naga sharpshooter.
The shock serpent barely misses you. The naga hits you but does no damage.
You block the naga's attack.
The naga sharpshooter shoots a bolt.
The bolt hits your neqoxec!
The naga hits your reaper with a +0 war axe.
The naga barely misses your reaper.
Your reaper hits the naga with a +3 scythe of venom!!!
The naga dies!
Trog accepts your kill.
You miss the shock serpent.
The shock serpent is almost dead.
You hit the naga but do no damage.
The shock serpent shoots out a bolt of lightning at you!
The bolt of electricity hits you!
* * * LOW HITPOINT WARNING * * *
The bolt of electricity misses your ice devil.
The bolt of electricity hits your ice devil!!
The bolt of electricity hits you!
You die...

#...# #.#.#
#.#.# ## #.#.##
..# ###.#..## .
#.# #...##..##
#.####.#
#.####....
....N?.# #.#
#....
...)S@4######.#
#....
...N2.(.......#
##.##
...3...(###..##
#..#
..###...($..##
#.## #
#.#####.# #.#
#.# ♣∩♣ #.###
.. ... #.... ##
.⌠.. #.... ..∩.
#.....


You could see a naga sharpshooter (catching breath), a shock serpent, a naga
(mesmerising), a friendly reaper (summoned), a friendly ice devil (summoned) and
a friendly neqoxec (summoned).

Vanquished Creatures
  Fannar (D:10)
  Harold (D:7)
  A hydra (Lair:4)
  3 naga warriors (Snake:1)
  3 vault guards (D:14)
  2 catoblepae (Lair:6)
  An anaconda (Snake:1)
  Erica (D:10)
  3 two-headed ogres
  A tengu warrior (D:14)
  2 naga sharpshooters
  Urug (Orc:2)
  A sun demon (D:14)
  Sonja (Orc:1)
  3 skeletal warriors (D:11)
  An unseen horror (D:14)
  A deep elf archer (D:14)
  A naga ritualist (Snake:1)
  2 ugly things (D:11)
  4 orc sorcerers
  An orc knight (D:14)
  A deep elf mage (Orc:2)
  2 mana vipers (Snake:1)
  3 cyclopes
  2 salamanders (Snake:1)
  A manticore (D:13)
  6 elephants
  8 black mambas
  3 naga magi (Snake:1)
  9 spiny frogs
  4 gargoyles
  3 centaur skeletons
  2 kobold demonologists (D:13)
  An ice devil (D:14)
  4 komodo dragons
  A queen bee (D:12)
  3 meliai (D:12)
  4 trolls
  4 blink frogs
  3 bog bodies (Lair:3)
  5 hippogriffs
  A shadow (D:14)
  3 wraiths
  29 yaks
  A vampire (D:13)
  5 wyverns
  3 basilisks
  6 vampire mosquitoes
  4 hungry ghosts
  6 wargs
  9 nagas
  3 swamp worms (Lair:3)
  An acid dragon (D:12)
  4 soldier ants
  10 porcupines
  14 water moccasins
  A swamp drake (Orc:2)
  25 orc warriors
  4 ice beasts
  3 sky beasts
  3 black bears
  2 eyes of draining (D:13)
  5 phantoms
  9 centaurs
  13 ogres
  11 crocodiles
  4 big kobolds
  2 gnoll sergeants
  15 bullfrogs
  A wyvern skeleton (D:9)
  2 water moccasin skeletons
  3 scorpions
  19 killer bees
  5 howler monkeys
  5 wights (D:7)
  An electric eel (Lair:3)
  11 crimson imps
  7 bullfrog zombies
  2 jellies
  3 centaur zombies
  An iron imp (Orc:2)
  17 orc priests
  3 hounds
  3 bullfrog skeletons
  Ijyb (D:4)
  2 iguanas
  33 orc wizards
  14 worker ants
  2 killer bee zombies
  A hound zombie (D:5)
  11 gnolls
  2 worker ant zombies
  13 adders
  2 shadow imps
  5 white imps
  An adder skeleton (D:4)
  4 worms
  5 dart slugs
  8 leopard geckos
  77 orcs
  3 ball pythons
  5 bats
  3 giant cockroaches
  10 goblins
  A hobgoblin (D:1)
  6 jackals
  3 quokkas
  5 frilled lizards
  18 kobolds
  3 rats (D:1)
  A fungus (Lair:5)
  2 plants (Lair:3)
624 creatures vanquished.

Vanquished Creatures (collateral kills)
  Saint Roka (Orc:2)
  A vault guard (D:14)
  5 hydras
  A catoblepas (Lair:6)
  4 two-headed ogres
  An ogre mage (D:14)
  5 death yaks (Lair:6)
  2 orc knights (Orc:2)
  2 deep elf magi
  2 manticores (Lair:6)
  Joseph (D:7)
  2 elephants (Lair:5)
  2 naga magi (Snake:1)
  A black mamba (Snake:1)
  A gargoyle (D:14)
  A spiny frog (Lair:4)
  A centaur skeleton (D:14)
  2 trolls (D:9)
  4 blink frogs
  A hornet (D:14)
  16 yaks
  Eustachio (D:6)
  A steam dragon (D:11)
  A warg (Orc:2)
  A naga (Snake:2)
  A water moccasin (Lair:3)
  A porcupine (Lair:4)
  3 orc warriors (Orc:2)
  An ogre (D:9)
  A crocodile (Lair:5)
  4 orc wizards
  An orc priest (D:12)
  A worker ant (D:4)
  2 gnolls (D:10)
  9 orcs
84 creatures vanquished.

Vanquished Creatures (others)
  A centaur (D:6)
  An ogre (D:6)
  A hound (D:6)
  An orc priest (Orc:2)
  3 orcs (Orc:2)
  A kobold (D:11)
  13 fungi
  6 plants
27 creatures vanquished.

Grand Total: 735 creatures vanquished

Notes
Turn   | Place    | Note
-------+----------+-------------------------------------------
     0 | D:1      | nikku the Demonspawn Berserker began the quest for the Orb.
     0 | D:1      | Reached XP level 1. HP: 18/18 MP: 1/1
    82 | D:1      | Gained mutation: You are partially covered in molten
                  | scales. (AC +2) [demonic ancestry]
    82 | D:1      | Reached XP level 2. HP: 24/24 MP: 2/2
   868 | D:2      | Reached XP level 3. HP: 25/29 MP: 3/3
  1123 | D:2      | Found a white marble altar of Elyvilon.
  1123 | D:2      | Found an opulent altar of Gozag.
  1123 | D:2      | Found an ancient bone altar of Kikubaaqudgha.
  1240 | D:2      | Noticed an ice beast
  1253 | D:2      | Killed an ice beast
  1253 | D:2      | Reached skill level 4 in Fighting
  1253 | D:2      | Gained mutation: A weak demonic guardian rushes to your
                  | aid. [demonic ancestry]
  1253 | D:2      | Reached XP level 4. HP: 28/37 MP: 4/4
  1253 | D:2      | Gained mutation: You have large cloven feet. [demonic
                  | ancestry]
  1253 | D:2      | Reached XP level 5. HP: 32/42 MP: 5/5
  1474 | D:2      | Reached ** piety under Trog
  2059 | D:3      | Found a blossoming altar of Fedhas.
  2084 | D:3      | Reached XP level 6. HP: 43/49 MP: 6/6
  2802 | D:4      | Reached skill level 5 in Fighting
  2843 | D:4      | Gained mutation: A demonic guardian rushes to your aid.
                  | [demonic ancestry]
  2843 | D:4      | Reached XP level 7. HP: 31/56 MP: 7/7
  3103 | D:4      | Noticed Ijyb
  3111 | D:4      | Killed Ijyb
  3476 | D:4      | Found a staircase to the Ecumenical Temple.
  3486 | D:4      | Reached skill level 5 in Axes
  3534 | D:5      | Entered Level 5 of the Dungeon
  3537 | D:5      | Found a shimmering blue altar of Sif Muna.
  3705 | D:5      | Reached *** piety under Trog
  3746 | D:5      | Reached skill level 5 in Armour
  3749 | D:5      | Reached skill level 6 in Fighting
  3937 | D:6      | Gained mutation: You are slightly more attuned to the
                  | shadows. [demonic ancestry]
  3937 | D:6      | Reached XP level 8. HP: 64/64 MP: 8/8
  4282 | D:6      | Got a jewelled ring mail
  4293 | D:6      | Identified the +3 ring mail of Ekkar {rElec Str+3 Int+5}
                  | (You found it on level 6 of the Dungeon)
  4609 | D:6      | Found a shimmering altar of Xom.
  4652 | D:6      | Reached skill level 7 in Fighting
  5120 | D:6      | Noticed Eustachio
  5127 | D:6      | Killed Eustachio
  5138 | D:6      | Found a basalt altar of Yredelemnul.
  5379 | D:7      | Gained mutation: You are significantly more attuned to the
                  | shadows. [demonic ancestry]
  5379 | D:7      | Reached XP level 9. HP: 69/72 MP: 9/9
  5465 | D:7      | Found a stormy altar of Qazlal.
  5614 | D:7      | Reached **** piety under Trog
  5878 | D:7      | Noticed Harold
  5890 | D:7      | Killed Harold
  5890 | D:7      | Reached skill level 8 in Fighting
  6516 | D:7      | Noticed Joseph
  6524 | D:7      | Killed Joseph
  6662 | D:7      | Found Poineg's General Store.
  6914 | D:8      | Noticed a two-headed ogre
  6919 | D:8      | Killed a two-headed ogre
  6919 | D:8      | Reached skill level 9 in Fighting
  6919 | D:8      | Gained mutation: You have hoof-like feet. [demonic
                  | ancestry]
  6919 | D:8      | Reached XP level 10. HP: 83/83 MP: 10/10
  7309 | D:8      | Found a bloodstained altar of Trog.
  7502 | D:8      | Found a sacrificial altar of Ru.
  7944 | D:9      | Reached skill level 1 in Shields
  8268 | D:9      | Found a staircase to the Lair.
  8284 | D:9      | Reached skill level 10 in Fighting
  8387 | D:9      | Noticed a two-headed ogre
  8394 | D:9      | Killed a two-headed ogre
  8405 | D:9      | Gained mutation: A powerful demonic guardian rushes to your
                  | aid. [demonic ancestry]
  8405 | D:9      | Reached XP level 11. HP: 37/90 MP: 11/11
  9204 | D:9      | Found a staircase to the Orcish Mines.
  9217 | D:9      | Noticed a two-headed ogre
  9220 | D:9      | Killed a two-headed ogre
  9315 | D:9      | Found a burning altar of Makhleb.
  9347 | D:10     | Entered Level 10 of the Dungeon
  9480 | D:10     | Noticed Fannar
  9480 | D:10     | Noticed a two-headed ogre
  9485 | D:10     | Noticed Erica
  9487 | D:10     | Killed a two-headed ogre
  9496 | D:10     | Killed Erica
  9506 | D:10     | Killed Fannar
  9597 | D:10     | Noticed a two-headed ogre
  9681 | D:10     | Killed a two-headed ogre
  9848 | D:10     | Reached ***** piety under Trog
  9992 | Lair:1   | Entered Level 1 of the Lair of Beasts
 10093 | Lair:1   | Noticed a four-headed hydra
 10097 | Lair:1   | Killed a four-headed hydra
 10314 | Lair:1   | Reached skill level 5 in Shields
 10356 | Lair:1   | Reached skill level 10 in Axes
 10787 | Lair:1   | Noticed a six-headed hydra
 11068 | Lair:1   | Reached skill level 11 in Fighting
 11132 | Lair:1   | Killed a seven-headed hydra
 11438 | Lair:2   | Reached skill level 10 in Armour
 11459 | Lair:2   | Found a staircase to the Snake Pit.
 12169 | Lair:2   | Reached XP level 12. HP: 100/100 MP: 12/12
 13010 | Lair:3   | Noticed a five-headed hydra
 13017 | Lair:3   | Killed a five-headed hydra
 13439 | Lair:3   | Found a staircase to the Swamp.
 14536 | Lair:4   | Noticed a seven-headed hydra
 14546 | Lair:4   | Killed an eight-headed hydra
 15818 | Lair:5   | Noticed a six-headed hydra
 15823 | Lair:5   | Killed a six-headed hydra
 15971 | Lair:5   | Reached skill level 12 in Fighting
 16563 | Lair:6   | Entered Level 6 of the Lair of Beasts
 16568 | Lair:6   | Found a viscous altar of Jiyva.
 16568 | Lair:6   | Found a staircase to the Slime Pits.
 16866 | Lair:6   | Noticed a catoblepas
 16874 | Lair:6   | Killed a catoblepas
 16894 | Lair:6   | Noticed a catoblepas
 16898 | Lair:6   | Killed a catoblepas
 16898 | Lair:6   | Reached XP level 13. HP: 89/108 MP: 13/13
 17620 | Lair:6   | Got a faintly glowing scale mail
 17635 | Lair:6   | Identified the cursed +1 scale mail "Adipp" {+Blink Str+2
                  | SInv Stlth+} (You found it on level 6 of the Lair of
                  | Beasts)
 18589 | Orc:1    | Entered Level 1 of the Orcish Mines
 18698 | Orc:1    | Noticed Sonja
 18706 | Orc:1    | Killed Sonja
 18750 | Orc:1    | Found Pysoam's Antique Weapon Boutique.
 19808 | Orc:2    | Entered Level 2 of the Orcish Mines
 19945 | Orc:2    | Noticed Urug
 19954 | Orc:2    | Killed Urug
 20188 | Orc:2    | Found a roughly hewn altar of Beogh.
 20198 | Orc:2    | Reached skill level 13 in Fighting
 20222 | Orc:2    | Found a staircase to the Elven Halls.
 20397 | Orc:2    | Found a roughly hewn altar of Beogh.
 20502 | Orc:2    | Received a gift from Trog
 20735 | Orc:2    | Noticed Saint Roka
 20748 | Orc:2    | HP: 4/166 [Saint Roka/divine providence (12)]
 20759 | Orc:2    | Killed Saint Roka
 21033 | Orc:2    | Found a roughly hewn altar of Beogh.
 21035 | Orc:2    | Found Uto Zur's Magic Scroll Shoppe.
 21047 | Orc:2    | Bought a scroll of enchant armour for 97 gold pieces
 21047 | Orc:2    | Bought a scroll of brand weapon for 260 gold pieces
 21241 | Orc:2    | Found a roughly hewn altar of Beogh.
 21268 | Orc:2    | Found Cenn's Weapon Boutique.
 21273 | Orc:2    | Bought the cursed +14 obsidian axe {vorpal, +Fly SInv
                  | *Curse} for 1035 gold pieces
 21273 | Orc:2    | Found the cursed +14 obsidian axe {vorpal, +Fly SInv
                  | *Curse}
 21468 | Orc:2    | Found a roughly hewn altar of Beogh.
 21487 | Orc:2    | Found Taezosaop's Antique Weapon Shoppe.
 21488 | Orc:2    | Found a roughly hewn altar of Beogh.
 21488 | Orc:2    | Found Xevoq's Antique Armour Emporium.
 21783 | D:11     | Reached XP level 14. HP: 79/118 MP: 14/14
 22727 | D:12     | Found Urinim's Weapon Shoppe.
 22821 | D:12     | Received a gift from Trog
 23053 | D:12     | Reached skill level 10 in Shields
 23101 | D:12     | Found Zousugy's General Store.
 24001 | D:13     | Reached skill level 14 in Fighting
 24125 | D:13     | Received a gift from Trog
 24984 | D:14     | Paralysed by a hornet for 3 turns
 25108 | D:14     | Found a shimmering altar of Xom.
 25127 | D:14     | Reached ****** piety under Trog
 25428 | D:14     | Received a gift from Trog
 26126 | D:14     | Found a gate to the Vaults.
 26541 | Snake:1  | Entered Level 1 of the Snake Pit
 27059 | Snake:1  | Reached XP level 15. HP: 94/127 MP: 15/15
 28306 | Snake:2  | Found Nuefec's Gadget Boutique.
 28318 | Snake:2  | Killed from afar by a shock serpent

Illustrated notes

Levels and vault maps discovered:
D:1:      minmay_arrival_hallway, layout_basic, st_stairs_7
D:2:      layout_loops_ring, gammafunk_temple_overflow_claw, first_ration
D:3:      layout_loops_ring, fedhas_ov_isle_minmay
D:4:      layout_basic, temple_statues, uniq_ijyb
D:5:      layout_rooms, basic_altar
D:6:      layout_loops_ring, lemuel_coloured_pillars_altar,
          nicolae_lava_and_water, st_stairs_5, chequers_serial_rivers_marsh,
          xom_confusion_cloud, uniq_eustachio
D:7:      layout_basic, basic_altar, serial_shops, kennysheep_mini,
          grunt_ogre_cave, uniq_harold, uniq_joseph
D:8:      cheibrodos_quashed, layout_basic, kennysheep_mini_moat, basic_altar
D:9:      layout_loops_ring, lightli_temple_of_fire, minmay_lair_entry_grove,
          orc_0_dummy
D:10:     layout_rooms, uniq_fannar, uniq_erica
D:11:     layout_irregular_city
D:12:     layout_loops_ring, serial_shops, shop, shop, special_room
          [special_room_bee]
D:13:     layout_basic
D:14:     layout_rooms, grunt_vaults_entry_fortified,
          portal_ice_cave_entry_pillars_1, basic_altar, chequers_mini_garden,
          minmay_fire_ice_demons
Lair:1:   layout_gridlike
Lair:2:   layout_small_grid, guppyfry_snake_entry_garden, grunt_megastairs_2,
          infiniplex_staircase_pool_2
Lair:3:   layout_regular_city, nicolae_swamp_entry_splash_gauntlet,
          worms_lemuel, lemuel_fruit_fields
Lair:4:   layout_loops_ring
Lair:5:   layout_roguey
Lair:6:   evilmike_catoblepas_cave, layout_misc_corridors, slime_altar_1,
          infiniplex_staircase_pool, lemuel_fruit_tree
Snake:1:  layout_chambers
Snake:2:  layout_rooms, grunt_ministairs_14, minmay_shop_grove
Orc:1:    layout_caves, serial_shops, shop_statue, nooodl_orcs_dogs, uniq_sonja
Orc:2:    grunt_orc_community_town_hall, layout_diamond_mine,
          grunt_orc_community_big_house_1, grunt_orc_community_big_house_2,
          grunt_orc_community_house_2, grunt_orc_community_house_1,
          grunt_orc_community_house_2, grunt_orc_community_house_1,
          grunt_orc_community_house_3, gauntlet_entry_generic,
          hangedman_minor_magic, uniq_urug

Skill      XL: |  1  2  3  4  5  6  7  8  9 10 11 12 13 14 |
---------------+-------------------------------------------+-----
Armour         | 2 3 4 5 6 7 9 10 11 | 11.0
Axes           | 3 4 5 6 8 9 10 11 12 13 | 13.8
Fighting       | 4 5 6 7 9 10 11 12 13 14 | 14.9
Shields        | 3 5 7 9 11 | 11.5
Dodging        | |  1.7

Action                   |  1- 3 |  4- 6 |  7- 9 | 10-12 | 13-15 || total
-------------------------+-------+-------+-------+-------+-------++-------
Melee: Hand axe          |    64 |    83 |   180 |       |       ||   327
       Kick              |       |    35 |    82 |   191 |   240 ||   548
       Battleaxe         |       |       |    44 |    31 |       ||    75
       War axe           |       |       |       |   423 |   259 ||   682
       Broad axe         |       |       |       |       |   447 ||   447
Throw: Dart              |       |       |       |    10 |       ||    10
Invok: Berserk           |     1 |       |       |     3 |     4 ||     8
       Trog's Hand       |       |       |     3 |    10 |    15 ||    28
       Brothers in Arms  |       |       |       |       |     2 ||     2
  Use: Scroll            |     4 |     5 |     6 |     8 |    17 ||    40
       Potion            |       |       |       |       |     4 ||     4
 Stab: Sleeping          |     3 |       |     3 |    16 |    30 ||    52
       Distracted        |       |       |     4 |     2 |     6 ||    12
  Eat: Chunk             |     1 |     6 |    13 |    27 |    29 ||    76
       Ration            |       |       |       |     4 |     5 ||     9
Armor: Animal skin       |    18 |     6 |       |       |       ||    24
       Ring mail         |       |    14 |    42 |   153 |    20 ||   229
       Chain mail        |       |    10 |    59 |       |       ||    69
       Scale mail        |       |       |       |       |   159 ||   159
Dodge: Dodged            |    34 |    47 |   102 |   148 |   254 ||   585
Block: Kite shield       |       |       |       |   238 |   415 ||   653
